 Dungeon Crawl Stone Soup version 0.27.1-2-g3b301248ec (console) character file.

Game seed: 10933950334102862307

530852 thromnambular the Warrior (level 26, -10/211 HPs)
             Began as a Djinni Conjurer on Sept 23, 2021.
             Was a High Priest of Ashenzari.
             Killed from afar by a black draconian (42 damage)
             ... with a bolt of lightning
             ... on level 4 of the Realm of Zot on Sept 25, 2021.
             The game lasted 04:14:16 (73984 turns).

thromnambular the Warrior (Djinni Conjurer)        Turns: 73984, Time: 04:14:17

Health: -10/211    AC: 39    Str: 18    XL:     26   Next: 96%
Gold:   1199       EV: 22    Int: 30    God:    Ashenzari [*****.] SH: 26 Dex: 16

rFire    + . .     SeeInvis +   Y - +8 hand crossbow {elec, rC+ rCorr Str+3 Int+3, Self, Fort} (curse)
rCold    + + +     Faith    .   I - +5 kite shield of Ashenzari's Paranoia {rC+, Range, Fort} (curse)
rNeg     + + +     Spirit   .   G - +4 ice dragon scales "Bound Together" {rF- rC++, Cun, Range} (curse)
rPois    ∞         Reflect  +   (helmet restricted)
rElec    .         Harm     .   J - +1 cloak "Astrological Gloom" {rCorr, Range, Fort} (curse)
rCorr    +         Rampage  .   B - +1 pair of gloves of Ashenzari's the Ego {archery, Self, Fort} (curse)
Will     ++++.     Clarity  +   (boots unavailable)
Stlth    ++++++....             R - amulet "All-seeing Pessimism" {Reflect SH+5, Cun, Range} (curse)
HPRegen  0.45/turn              t - ring of the Circumscribed Moon {+Blink Will+ AC+4 Slay+2, Melee, Range} (curse)
MPRegen  0.00/turn              F - ring of the Fated Boredom {Str+4 Int+4 Slay+4, Cun, Fort} (curse)

@: about to teleport, lich-form, death channeling, flying, studying Stealth
A: draining attack, torment immunity, flying, no potions, sickness immunity,
fire resistance 2, cold vulnerability 1, float, innate caster, hp casting, extra
vitality 1, beak, mutation resistance 1
}: 3/15 runes: serpentine, barnacled, abyssal
a: End Transformation, Renounce Religion, Evoke Blink, Curse Item, Shatter the
Chains


You were on level 4 of the Realm of Zot.
You worshipped Ashenzari.
Ashenzari was extremely pleased with you.
You were an undead lich.
You visited 9 branches of the dungeon, and saw 48 of its levels.
You visited the Abyss 3 times.
You visited 1 bazaar.
You also visited: Bailey and Ice Cave.

You collected 6381 gold pieces.
You spent 5182 gold pieces at shops.

Inventory:

Hand Weapons
 r - the +2 arbalest of the Solstice {venom, rF+ Int-5 Dex+3}
   (You acquired it on level 6 of the Lair of Beasts)

   Any ammunition fired from it poisons the flesh of those it strikes.
   Int:       It affects your intelligence (-5).
   Dex:       It affects your dexterity (+3).
   rF:        It protects you from fire.
 Y - the cursed +8 hand crossbow of Curses and Power (weapon) {elec, rC+ rCorr Str+3 Int+3, Self, Fort}
   (You bought it in a shop on level 3 of the Vaults)

   Any ammunition fired from it occasionally discharges a powerful burst of
   electricity upon striking a foe.
   Str:       It affects your strength (+3).
   Int:       It affects your intelligence (+3).
   rC:        It protects you from cold.
   rCorr:     It protects you from acid and corrosion.
   It has a curse which improves the following skills: Introspection: Fighting
   and Spellcasting.
   Fortitude: Armour and Shields.
Missiles
 u - 365 bolts (quivered ammo)
 Z - a throwing net
Armour
 B - the cursed +1 pair of gloves of Ashenzari's the Ego (worn) {archery, Self, Fort}
   (You found it on level 6 of the Lair of Beasts)

   It has a curse which improves the following skills: Introspection: Fighting
   and Spellcasting.
   Fortitude: Armour and Shields.
 G - the cursed +4 ice dragon scales "Bound Together" (worn) {rF- rC++, Cun, Range}
   (You found it on level 1 of the Depths)

   rF:        It makes you vulnerable to fire.
   rC:        It greatly protects you from cold.
   It has a curse which improves the following skills: Cunning: Dodging and
   Stealth.
   Ranged Combat: Slings, Bows, Crossbows and Throwing.
 I - the cursed +5 kite shield of Ashenzari's Paranoia (worn) {rC+, Range, Fort}
   (You bought it in a shop on level 1 of the Elven Halls)

   rC:        It protects you from cold.
   It has a curse which improves the following skills: Ranged Combat: Slings,
   Bows, Crossbows and Throwing.
   Fortitude: Armour and Shields.
 J - the cursed +1 cloak "Astrological Gloom" (worn) {rCorr, Range, Fort}
   (You bought it in a shop on level 2 of the Orcish Mines)

   It has a curse which improves the following skills: Ranged Combat: Slings,
   Bows, Crossbows and Throwing.
   Fortitude: Armour and Shields.
Jewellery
 d - a ring of willpower
 o - a ring of protection from cold
 t - the cursed ring of the Circumscribed Moon (left hand) {+Blink Will+ AC+4 Slay+2, Melee, Range}
   (You found it on level 6 of the Dungeon)

   [ring of protection]

   AC:        It affects your AC (+4).
   Slay:      It affects your accuracy & damage with ranged weapons and melee
   (+2).
   +Blink:    It lets you blink.
   Will:      It increases your willpower.
   It has a curse which improves the following skills: Melee Combat: Short
   Blades, Long Blades, Axes, Maces & Flails, Polearms, Staves and Unarmed
   Combat.
   Ranged Combat: Slings, Bows, Crossbows and Throwing.
 w - an amulet of the acrobat
 E - an amulet of regeneration
 F - the cursed ring of the Fated Boredom (right hand) {Str+4 Int+4 Slay+4, Cun, Fort}
   (You bought it in a shop on level 2 of the Orcish Mines)

   [ring of slaying]

   Str:       It affects your strength (+4).
   Int:       It affects your intelligence (+4).
   Slay:      It affects your accuracy & damage with ranged weapons and melee
   (+4).
   It has a curse which improves the following skills: Cunning: Dodging and
   Stealth.
   Fortitude: Armour and Shields.
 R - the cursed amulet "All-seeing Pessimism" (around neck) {Reflect SH+5, Cun, Range}
   (You found it on level 13 of the Dungeon)

   [amulet of reflection]

   It reflects blocked missile attacks.
   SH:        It affects your SH (+5).
   It has a curse which improves the following skills: Cunning: Dodging and
   Stealth.
   Ranged Combat: Slings, Bows, Crossbows and Throwing.
 W - a ring of protection from cold
Wands
 h - a wand of mindburst (11)
 l - a wand of flame (71)
 y - a wand of polymorph (25)
 M - a wand of acid (10)
 N - a wand of iceblast (29)
 T - a wand of paralysis (34)
 U - a wand of digging (6)
Scrolls
 b - a scroll of brand weapon
 f - 2 scrolls of silence
 k - a scroll of enchant armour
 n - a scroll of holy word
 p - 9 scrolls of teleportation
 q - 4 scrolls of fear
 v - 5 scrolls of fog
 A - 4 scrolls of blinking
 Q - 9 scrolls of enchant weapon
 S - 2 scrolls of magic mapping
Potions
 a - 7 potions of berserk rage
 c - a potion of haste
 e - 4 potions of lignification
 g - 9 potions of brilliance
 j - 13 potions of curing
 m - 6 potions of might
 s - 5 potions of resistance
 z - 8 potions of mutation
 C - 2 potions of cancellation
 H - a potion of invisibility
 K - 4 potions of heal wounds
Miscellaneous
 i - a condenser vane
 x - a phantom mirror
 D - a box of beasts
 P - a phantom mirror
 X - a tin of tremorstones (2/2)


   Skills:
 + Level 20.9(23.9) Fighting
 - Level 14.8(21.4) Crossbows
 + Level 17.9(24.1) Armour
 + Level 20.5(24.6) Dodging
 - Level 15.7(20.2) Stealth
 + Level 13.1(19.9) Shields
 - Level 14.9(18.4) Spellcasting


You couldn't memorise any spells.
You knew the following spells:

 Your Spells              Type           Power      Damage    Failure   Level
a - Magic Dart            Conj           100%       1d8       0%          1
b - Searing Ray           Conj           100%       3d7       0%          2
c - Dazzling Flash        Conj/Hex       100%       N/A       0%          3
d - Fulminant Prism       Conj/Hex       47%        3d21      0%          4
e - Iskenderun's Mystic   Conj/Tloc      95%        2d18      0%          4
f - Beastly Appendage     Tmut           100%       N/A       0%          1
g - Passwall              Tmut/Erth      79%        N/A       0%          2
h - Conjure Flame         Conj/Fire      95%        6-21      0%          3
i - Passage of Golubria   Tloc           N/A        N/A       0%          4
j - Leda's Liquefaction   Hex/Erth       47%        N/A       0%          4
k - Yara's Violent Unrav  Hex/Tmut       47%        3d18      1%          5
l - Eringya's Noxious Bo  Tmut/Pois      47%        N/A       1%          6
m - Conjure Ball Lightni  Conj/Air       47%        3x3d16    1%          6
n - Death Channel         Necr           59%        N/A       1%          6
o - Malign Gateway        Summ/Tloc      47%        N/A       1%          7
p - Monstrous Menagerie   Summ           47%        N/A       1%          7
q - Necromutation         Tmut/Necr      59%        N/A       10%         8
Your spell library was empty.

Dungeon Overview and Level Annotations

Branches:
Dungeon (15/15)            Temple (0/1) D:6            Lair (6/6) D:10
 Shoals (4/4) Lair:4        Snake (4/4) Lair:3        Slime (0/5) Lair:6
    Orc (2/2) D:9             Elf (3/3) Orc:2        Vaults (5/5) D:14
 Depths (5/5) D:15            Zot (4/5) Depths:5     Bailey (visited)
  IceCv (visited)
  Crypt: Vaults:2-3

Altars:
Ashenzari
Dithmenos
Gozag
Hepliaklqana
Kikubaaqudgha
Makhleb
Qazlal
Ru
Uskayaw
Wu Jian
Yredelemnul
The Shining One
Beogh
Jiyva

Shops:
D:6 *?([   D:9 *   D:12 [   D:15 *   Orc:2 [[(*   Elf:1 (*[   Elf:3 (
Snake:4 =[(   Vaults:1 ?   Vaults:2 [*   Vaults:3 !(*   Depths:2 !
Depths:4 ([   Depths:5 (

Portals:
Hell: Depths:1 Depths:2 Depths:3 Depths:4 Depths:5
Abyss: Depths:1 Depths:4 Depths:5
Pandemonium: Depths:3 Depths:5
Ziggurat: Depths:5
Trove: Elf:3 (give +3 gold dragon scales)

Annotations:
Lair:1 1 runed translucent door, MechaKamiliLaw's ghost, journeyman DgAr
Lair:2 1 runed translucent door, Sahouty's ghost, journeyman VSWz
Lair:5 3 runed translucent doors, BigDaddyOpFi's ghost, journeyman MiBe
Shoals:2 BigDaddyOpFi's ghost, journeyman MiBe
Depths:3 1 runed translucent door, Bykef's ghost, adept DgCj


Innate Abilities, Weirdness & Mutations

You are an undead lich.
Your unarmed attacks are suffused with negative energy.
You are immune to unholy pain and torment.
Your necromantic spells are more powerful.
You are flying.
You cannot drink.
You are immune to sickness and miasma.
You are immune to poison.
Your flesh is very heat resistant. (rF++)
You are vulnerable to cold. (rC-)
You float through the air rather than walking.
You learn spells naturally, not from books.
Your magical power is your life essence.
You have superior vitality. (+4 HP)
You have a beak for a mouth.
You are somewhat resistant to further mutation.


Message History

Press: ? - help, Dir - move target, p - orb of fire
Okay, then.
Unknown command.
Unknown command.
Okay, then.
Unknown command.
Okay, then.
Blink to where?
Press: ? - help, Dir - move target, p - orb of fire A black draconian and a draconian annihilator come into view.
As you read the scroll of blinking, it crumbles to dust.
The black draconian annihilator breathes lightning at you.
The bolt of lightning misses you.
As you read the scroll of teleportation, it crumbles to dust.
You feel strangely unstable.
You feel the Orb delaying your translocation!
The black draconian annihilator mumbles some strange words.
The black draconian annihilator blinks!
Your green draconian hits the orb of fire but does no damage.
As you read the scroll of summoning, it crumbles to dust.
Wisps of shadow whirl around you...
A red draconian comes into view. It is wielding a +0 vorpal battleaxe.
Found a stone staircase leading down.
The black draconian breathes lightning at you.
The bolt of lightning hits you!!
* * * LOW HITPOINT WARNING * * *
Your moth of wrath goads your white draconian on!
Your white draconian goes berserk!
A yellow draconian stormcaller comes into view.
It is wielding a +0 short sword.
The yellow draconian stormcaller roars!
Blink to where?
Press: ? - help, Dir - move target
As you read the scroll of blinking, it crumbles to dust.
Your white draconian hits the black draconian with a +0 battleaxe!
A green draconian comes into view. It is wielding a +0 short sword.
You hear a roar!
A purple draconian comes into view. It is wielding a +0 war axe.
The black draconian breathes lightning at you.
The bolt of lightning hits you!!!
You die...

* *,,,.d,* *#.§§§§≈≈≈....{ *
*,,,...** ####..d§≈≈§§≈≈... *
**,,....* #####.§§#§≈≈§≈≈≈≈§ **
*,,....######.....##≈≈≈≈≈≈≈ ,*
**......####..y......#≈≈≈≈§ ,*
*.d......#..........#.§§≈§ ,**
*#......................§§ ,,*
#......................## ,,**
*#......L..###.........## ,,,**
#........####..........# *,,,*
#.......####............ **,,**
#.......##.............. *,,,**
#...#................... **,,,**
##..###.......#.[....... *,,,,**
#...###................ *
**,,,,###...###................
****,,,,......##.................


You could see a black draconian (catching breath), a green draconian (wandering)
and a friendly moth of wrath (summoned).

Vanquished Creatures
  An ancient lich (Depths:3)
  A juggernaut (Depths:3)
  5 caustic shrikes
  A curse toe (Zot:4)
  5 golden dragons
  4 tentacled monstrosities
  7 liches
  Asterion (Vaults:1)
  Rupert (D:12)
  A deep elf blademaster (Elf:3)
  2 quicksilver dragons (Depths:5)
  2 deep elf master archers (Elf:3)
  Frances (Shoals:1)
  A titan (Depths:4)
  Polyphemus (Shoals:2)
  4 sphinxes
  6 tentacled starspawn
  A draconian monk (Zot:4)
  4 storm dragons
  3 shadow dragons
  2 tengu reavers
  2 death cobs
  A nagaraja (Snake:4)
  2 revenants (Depths:2)
  4 fire giants
  7 frost giants
  A ghost moth (Abyss:3)
  A cacodemon (Depths:1)
  Aizul (Snake:4)
  8 deep elf sorcerers (Elf:3)
  11 vault wardens
  2 iron dragons (Depths:3)
  2 orc warlords
  3 draconian shifters
  5 deep elf elementalists (Elf:3)
  A draconian stormcaller (Depths:5)
  2 draconian annihilators (Depths:5)
  A war gargoyle (Vaults:4)
  3 reapers (Depths:1)
  39 very ugly things
  13 ironbound preservers
  16 stone giants
  A juggernaut skeleton (Depths:2)
  2 green draconians (Zot:1)
  5 vampire knights
  9 starcursed masses
  A caustic shrike skeleton (Depths:2)
  A deep elf demonologist (Elf:3)
  4 deep elf annihilators (Elf:3)
  4 purple draconians
  2 dire elephants (Vaults:1)
  4 red draconians
  4 black draconians
  An entropy weaver (Vaults:4)
  4 white draconians
  An eidolon (Abyss:3)
  A blizzard demon (Depths:1)
  3 merfolk javelineers
  5 spark wasps
  3 deep elf death magi
  10 deep elf high priests
  2 jiangshi (Depths:1)
  7 ettins
  9 fire dragons
  4 merfolk impalers
  3 vault guards
  8 rakshasas
  9 yaktaur captains
  16 ice dragons
  5 ironbound thunderhulks (Vaults:4)
  3 hell beasts
  6 great orbs of eyes
  11 boulder beetles
  A salamander tyrant (Snake:4)
  8 hydras
  5 naga warriors
  2 peacekeepers
  2 catoblepae
  5 anacondas
  4 ogre magi
  5 merfolk avatars
  5 two-headed ogres
  2 death knights
  7 dancing weapons
  9 ironbound frosthearts
  17 centaur warriors
  15 deep troll shamans
  A satyr (Shoals:4)
  4 merfolk aquamancers
  9 tengu warriors
  A vampire mage (Depths:4)
  6 shock serpents
  9 death yaks
  20 deep troll earth magi
  A spriggan berserker (Depths:2)
  4 deep elf knights
  A hell hog (Depths:4)
  16 thrashing horrors
  4 ironbound beastmasters
  6 naga sharpshooters
  5 soul eaters
  2 sun demons
  13 hell knights
  A salamander mystic (Depths:4)
  2 spatial maelstroms
  13 spriggans (Lair:6)
  A wretched star (Abyss:4)
  2 titan skeletons (Depths:2)
  3 sixfirhies
  16 iron trolls
  3 sea snakes
  45 deep trolls
  5 glowing orange brains
  A shadow demon (Abyss:3)
  A death drake (Abyss:3)
  A glowing orange brain (shapeshifter) (Depths:5)
  4 naga ritualists
  5 flayed ghosts (Depths:2)
  A swamp dragon (shapeshifter) (Vaults:3)
  5 lindwurms
  7 orc knights
  10 ironbound convokers
  7 deep elf archers
  An obsidian statue (Depths:1)
  10 wizards
  3 deep elf zephyrmancers
  7 necromancers
  A shadow dragon zombie (Depths:2)
  9 mana vipers
  2 golden dragon skeletons (Depths:2)
  14 deep elf pyromancers
  An orb spider (Abyss:3)
  13 harpies
  A sphinx zombie (Depths:2)
  5 manticores
  49 ugly things
  A wolf spider (D:15)
  4 orc sorcerers
  7 fauns
  A worldbinder (Abyss:3)
  5 cyclopes
  2 rust devils (Depths:1)
  A sphinx skeleton (Depths:2)
  5 moths of wrath
  A tengu skeleton (Depths:2)
  28 black mambas
  7 merfolk sirens
  5 salamanders
  2 fire giant skeletons (Depths:2)
  3 guardian serpents (Snake:4)
  An eye of devastation (Abyss:3)
  11 elephants
  An apocalypse crab (Abyss:5)
  10 vault sentinels
  7 smoke demons
  15 cane toads
  5 water nymphs
  15 naga magi
  An iron dragon skeleton (Depths:2)
  2 orange demons (Abyss:3)
  An ice statue (Vaults:3)
  A gargoyle (D:12)
  2 rime drakes
  An elf skeleton (Depths:2)
  An unseen horror (shapeshifter) (Elf:1)
  A freezing wraith (Abyss:3)
  8 komodo dragons
  An unseen horror (D:11)
  3 efreet
  4 tengu conjurers
  2 ice devils
  29 yaktaurs
  3 red devils
  3 hellwings
  A spriggan skeleton (Depths:2)
  An ancient zyme (Abyss:3)
  11 polar bears
  3 trolls (Orc:2)
  Prince Ribbit (D:8)
  3 wind drakes
  3 meliai (D:15)
  25 blink frogs
  15 merfolk
  31 slime creatures
  6 hornets
  6 raiju
  18 dream sheep
  4 snapping turtles
  2 shadows
  4 redbacks
  7 flying skulls
  10 ynoxinuls
  6 wyverns
  3 wraiths
  A vampire (D:14)
  2 basilisks
  54 yaks
  19 fire elementals (Zot:4)
  2 steam dragons
  3 fire bats
  9 vampire mosquitoes
  24 water elementals
  A golden eye (Abyss:3)
  5 small abominations
  4 humans (D:14)
  9 chaos spawn
  8 neqoxecs
  Edmund (D:5)
  A spatial vortex (Abyss:3)
  Menkaure (D:6)
  3 acid dragons
  2 hell hounds (Orc:2)
  9 large abominations
  19 nagas
  24 water moccasins
  An ice beast (Abyss:3)
  3 black bears
  A hornet zombie (D:7)
  A sky beast (D:6)
  31 orc warriors
  2 necrophages
  11 ogres
  8 boggarts
  24 centaurs
  38 wolves
  3 elf zombies (Elf:1)
  6 kobold brigands
  7 bullfrogs
  A gnoll sergeant (D:10)
  2 scorpions
  2 earth elementals
  18 wights
  11 killer bees
  A howler monkey (D:11)
  A bullfrog zombie (D:4)
  A quasit (Abyss:4)
  2 hounds (D:4)
  6 jellies
  A bullfrog skeleton (D:6)
  3 centaur zombies
  18 orc priests
  26 orc wizards
  5 iguanas
  6 hell rats (Lair:1)
  A troll simulacrum (IceCv)
  4 gnolls (D:2)
  2 howler monkey zombies
  4 adders
  2 shadow imps
  2 white imps (Abyss:3)
  2 ufetubi
  A worm (D:3)
  2 dart slugs (D:2)
  96 orcs
  10 endoplasms
  A giant cockroach (D:2)
  10 goblins
  5 hobgoblins
  3 jackals
  4 quokkas
  3 ball pythons
  6 bats
  8 frilled lizards
  28 kobolds
  6 rats
  4 starspawn tentacles
1770 creatures vanquished.

Vanquished Creatures (collateral kills)
  A juggernaut (Depths:3)
  A titan (Depths:3)
  A lich (Depths:3)
  A quicksilver dragon (Depths:3)
  A shadow dragon (Depths:3)
  A fire giant (Depths:4)
  A frost giant (Depths:1)
  A draconian shifter (Depths:5)
  2 stone giants
  3 very ugly things
  2 ettins (Depths:3)
  2 fire dragons
  A great orb of eyes (Vaults:1)
  A boulder beetle (Lair:5)
  An ironbound thunderhulk (Vaults:1)
  An ice dragon (Depths:4)
  A hell knight (Depths:3)
  A deep troll earth mage (Depths:3)
  A soul eater (Depths:4)
  5 deep trolls
  An orc knight (Vaults:2)
  A lindwurm (Vaults:2)
  An ironbound convoker (Vaults:1)
  An ugly thing (Depths:4)
  A frost giant skeleton (Depths:2)
  3 salamanders (Depths:4)
  A yaktaur (Vaults:1)
  A slime creature (Vaults:3)
  A large abomination (Abyss:4)
  A fire elemental (Zot:4)
  An orc priest (D:4)
  The ghost of Rickety the Sneak, a weakling SpEn (D:4)
  A hound zombie (D:5)
  An adder (D:5)
  5 orcs
50 creatures vanquished.

Vanquished Creatures (others)
  Saint Roka (Vaults:1)
  2 eldritch tentacles
  Ilsuiw (Shoals:2)
  An iron dragon (Vaults:3)
  2 frost giants
  A deep elf sorcerer (Elf:3)
  3 very ugly things
  An ironbound preserver (Vaults:1)
  2 deep elf demonologists (Elf:3)
  Nessos (D:14)
  A red draconian (Zot:4)
  2 deep elf high priests (Elf:3)
  2 merfolk impalers (Shoals:4)
  2 ironbound thunderhulks
  A salamander tyrant (Snake:2)
  A two-headed ogre (D:15)
  An anaconda (Snake:3)
  2 centaur warriors
  2 deep troll earth magi (Depths:4)
  A spriggan berserker (Depths:5)
  Urug (D:12)
  10 deep trolls
  An iron troll (Depths:4)
  A sea snake (Shoals:4)
  2 wizards
  4 orc knights
  A necromancer (Elf:1)
  A deep elf pyromancer (Elf:1)
  A harpy (Shoals:4)
  2 fauns (Shoals:4)
  A mana viper (Snake:4)
  9 ugly things
  A salamander (Snake:4)
  A large abomination (Abyss:3)
  A moth of wrath (Zot:1)
  A black mamba (Snake:4)
  A naga mage (Snake:2)
  A merfolk (Shoals:4)
  A raiju (Abyss:3)
  A snapping turtle (Shoals:4)
  A polar bear (Lair:6)
  A yak (D:12)
  3 small abominations
  12 humans (D:14)
  A warg (Orc:2)
  A naga (Snake:4)
  8 orc warriors
  A centaur (D:12)
  An orc priest (Orc:2)
  2 orc wizards (D:12)
  22 orcs
  42 ball lightnings
  2 bushes (Lair:6)
  8 fulminant prisms
  105 fungi
  171 plants
  18 starspawn tentacles
471 creatures vanquished.

Grand Total: 2291 creatures vanquished

Notes
Turn   | Place    | Note
-------+----------+-------------------------------------------
     0 | D:1      | thromnambular the Djinni Conjurer began the quest for the
                  | Orb.
     0 | D:1      | Reached XP level 1. HP: 15/15 MP: 0/0
   672 | D:1      | Reached XP level 2. HP: 20/21 MP: 0/0
   904 | D:1      | Found a faded altar of an unknown god.
   941 | D:1      | Became a worshipper of Ashenzari the Shackled
  1294 | D:2      | Reached skill level 1 in Fighting
  1294 | D:2      | Reached XP level 3. HP: 24/27 MP: 0/0
  1294 | D:2      | Learned a level 1 spell: Beastly Appendage
  1595 | D:2      | Reached XP level 4. HP: 11/32 MP: 0/0
  2246 | D:3      | Found Jitan's Antique Weapon Shop.
  2320 | D:3      | Reached XP level 5. HP: 33/39 MP: 0/0
  2320 | D:3      | Learned a level 2 spell: Passwall
  3111 | D:4      | Identified the Guide on Torrid Toxins
  3130 | D:4      | Reached XP level 6. HP: 31/45 MP: 0/0
  3327 | D:4      | Found a stormy altar of Qazlal.
  3327 | D:4      | Found a glowing golden altar of the Shining One.
  3334 | D:4      | Found a faded altar of an unknown god.
  3340 | D:4      | Found a sacrificial altar of Ru.
  3620 | D:4      | Found a runed translucent gate.
  3629 | D:4      | Found a runed translucent gate.
  3631 | D:4      | Found a runed translucent gate.
  3631 | D:4      | Noticed Rickety's ghost (weakling SpEn)
  3811 | D:4      | Noticed a necrophage
  3827 | D:4      | Killed a necrophage
  3828 | D:4      | Reached XP level 7. HP: 37/51 MP: 0/0
  3828 | D:4      | Learned a level 3 spell: Conjure Flame
  4089 | D:4      | Killed Rickety's ghost
  4213 | D:5      | Entered Level 5 of the Dungeon
  4218 | D:5      | Reached skill level 5 in Dodging
  4520 | D:5      | Reached skill level 1 in Armour
  4520 | D:5      | Reached skill level 5 in Spellcasting
  4520 | D:5      | Reached XP level 8. HP: 32/58 MP: 0/0
  4526 | D:5      | Noticed Edmund
  4549 | D:5      | Killed Edmund
  4819 | D:5      | Reached skill level 5 in Fighting
  5035 | D:5      | Identified a scroll of acquirement
  5041 | D:4      | Acquired a +4 ring of slaying
  5281 | D:5      | Found a burning altar of Makhleb.
  5353 | D:5      | Found a basalt altar of Yredelemnul.
  5618 | D:6      | Found Ywominel's Magic Scroll Boutique.
  5776 | D:6      | Bought a scroll of enchant armour for 97 gold pieces
  5776 | D:6      | Bought a scroll of teleportation for 39 gold pieces
  5776 | D:6      | Bought 2 scrolls of fear for 91 gold pieces
  5776 | D:6      | Bought a scroll of teleportation for 39 gold pieces
  5797 | D:6      | Noticed Menkaure
  6057 | D:6      | Found Wien's Assorted Antiques.
  6143 | D:6      | Reached XP level 9. HP: 50/65 MP: 0/0
  6143 | D:6      | Learned a level 4 spell: Passage of Golubria
  6268 | D:6      | Identified the ring of Peelef {+Blink Will+ AC+4 Slay+2}
  6701 | D:6      | Killed Menkaure
  6702 | D:6      | Reached skill level 1 in Crossbows
  6709 | D:6      | Found Ciroukk's Antique Armour Shop.
  6762 | D:6      | Found Bodghic's Weapon Shop.
  6769 | D:6      | Reached skill level 5 in Armour
  6800 | D:6      | Bought 24 bolts for 67 gold pieces
  6898 | D:6      | Found a staircase to the Ecumenical Temple.
  8097 | D:8      | Noticed Prince Ribbit
  8222 | D:7      | Reached XP level 10. HP: 75/75 MP: 0/0
  8302 | D:7      | Acquired a manual of Stealth
  8420 | D:8      | Noticed a centaur warrior
  8698 | D:8      | Killed a centaur warrior
  8699 | D:8      | Reached skill level 5 in Crossbows
  9010 | D:8      | Killed Prince Ribbit
  9553 | D:9      | Found a staircase to the Orcish Mines.
  9663 | D:9      | Found Kosask's Overcharged Wands.
  9861 | D:9      | Reached skill level 5 in Stealth
 10293 | D:9      | Noticed a two-headed ogre
 10308 | D:9      | Killed a two-headed ogre
 10692 | D:9      | Reached XP level 11. HP: 74/82 MP: 0/0
 10692 | D:9      | Learned a level 4 spell: Leda's Liquefaction
 10941 | D:9      | Found a hide-covered altar of Uskayaw.
 10941 | D:9      | Found a hazy altar of Hepliaklqana.
 11133 | D:10     | Entered Level 10 of the Dungeon
 11645 | D:10     | Found a staircase to the Lair.
 12111 | D:10     | Found an opulent altar of Gozag.
 12175 | D:10     | Reached * piety under Ashenzari
 12644 | D:10     | Found a shadowy altar of Dithmenos.
 12983 | Lair:1   | Entered Level 1 of the Lair of Beasts
 13000 | Lair:1   | Reached skill level 1 in Shields
 13044 | Lair:1   | Noticed an elephant
 13096 | Lair:1   | Noticed an elephant
 13098 | Lair:1   | Noticed an elephant
 13143 | Lair:1   | Reached XP level 12. HP: 27/92 MP: 0/0
 14201 | Lair:1   | Found a runed translucent door.
 14215 | Lair:1   | Identified the +1 trident of Indignation {drain, *Noise
                  | rElec rC+}
 14216 | Lair:1   | Noticed MechaKamiliLaw's ghost (journeyman DgAr)
 14218 | Lair:1   | Identified the +0 cloak of Day {-Tele Fly Will+ Dex+4}
 14630 | Lair:2   | Found a runed translucent door.
 14633 | Lair:2   | Noticed Sahouty's ghost (journeyman VSWz)
 14762 | D:6      | Bought a pitted ring mail for 171 gold pieces
 14762 | D:6      | Identified the +4 ring mail "Tepy" {Str+5} (You bought it
                  | in a shop on level 6 of the Dungeon)
 14762 | D:6      | Bought a pair of gloves for 85 gold pieces
 15380 | Lair:2   | Reached skill level 10 in Crossbows
 15557 | Lair:2   | Reached skill level 10 in Stealth
 16181 | Lair:2   | Noticed a boulder beetle
 16407 | Lair:2   | Reached XP level 13. HP: 92/98 MP: 0/0
 16407 | Lair:2   | Learned a level 5 spell: Yara's Violent Unravelling
 16640 | Lair:3   | Reached ** piety under Ashenzari
 16887 | Lair:3   | Noticed a four-headed hydra
 16902 | Lair:3   | Killed a four-headed hydra
 16903 | Lair:3   | Reached skill level 10 in Fighting
 16959 | Lair:3   | Noticed a four-headed hydra
 16966 | Lair:3   | Killed a four-headed hydra
 17001 | Lair:3   | Identified the +2 robe "Plog" {rC+ Will+ Int+2}
 17379 | Lair:3   | Found a staircase to the Snake Pit.
 17604 | Lair:4   | Noticed Sonja
 17606 | Lair:4   | Noticed Sonja
 17606 | Lair:4   | Sonja changed into Sonja the fire bat
 17608 | Lair:4   | Killed Sonja the fire bat
 18191 | Lair:4   | Found a staircase to the Shoals.
 18517 | D:6      | Bought a shiny buckler for 142 gold pieces
 18828 | Lair:2   | Identified the +3 robe of Xokopur {Regen+}
 19066 | Lair:5   | Reached skill level 10 in Dodging
 19190 | Lair:5   | Found a runed translucent gate.
 19194 | Lair:5   | Found a runed translucent gate.
 19195 | Lair:5   | Found a runed translucent gate.
 19195 | Lair:5   | Noticed BigDaddyOpFi's ghost (journeyman MiBe)
 19195 | Lair:5   | Noticed a quicksilver ooze
 19195 | Lair:5   | Noticed a quicksilver ooze
 19663 | Lair:5   | Noticed a boulder beetle
 20102 | Lair:6   | Entered Level 6 of the Lair of Beasts
 20102 | Lair:6   | Noticed a five-headed hydra
 20134 | Lair:6   | Noticed an eight-headed hydra
 20140 | Lair:6   | Killed an eight-headed hydra
 20141 | Lair:6   | Reached XP level 14. HP: 95/110 MP: 0/0
 21981 | Lair:6   | Reached *** piety under Ashenzari
 22809 | Lair:6   | Acquired the +2 arbalest of the Solstice {venom, rF+ Int-5
                  | Dex+3}
 22884 | Lair:6   | Reached XP level 15. HP: 120/120 MP: 0/0
 22884 | Lair:6   | Learned a level 6 spell: Eringya's Noxious Bog
 23043 | Lair:6   | Found a staircase to the Slime Pits.
 23726 | Orc:1    | Entered Level 1 of the Orcish Mines
 23804 | D:6      | Bought a potion of curing for 72 gold pieces
 23804 | D:6      | Bought a scroll of teleportation for 72 gold pieces
 23804 | D:6      | Bought a scroll labelled MUMMOI MATE for 24 gold pieces
 24049 | Orc:2    | Entered Level 2 of the Orcish Mines
 24064 | Orc:2    | Found a staircase to the Elven Halls.
 24168 | Orc:2    | Found Hihut's Armour Emporium.
 24363 | Orc:2    | Noticed an orc warlord
 24365 | Orc:2    | Reached skill level 10 in Armour
 24615 | Orc:1    | Killed an orc warlord
 25122 | Orc:2    | Found Omoed's Antique Armour Shop.
 25127 | Orc:2    | Found Siakobb's Antique Weapon Boutique.
 25134 | Orc:2    | Bought a glowing cloak for 172 gold pieces
 25553 | Orc:2    | Found Etwot's Assorted Antiques.
 25570 | Orc:2    | Bought a clouded amber ring for 120 gold pieces
 25570 | Orc:2    | Identified the ring "Adytos" {Str+4 Int+4 Slay+4} (You
                  | bought it in a shop on level 2 of the Orcish Mines)
 25570 | Orc:2    | Bought a scroll of magic mapping for 84 gold pieces
 25570 | Orc:2    | Bought a potion of curing for 72 gold pieces
 27506 | Lair:5   | Found a viscous altar of Jiyva.
 27785 | D:12     | Found a flagged portal.
 27796 | Bailey   | Entered a bailey
 27972 | Bailey   | Acquired a manual of Stealth
 28348 | D:12     | Noticed Urug
 28350 | D:12     | Found Noter's Antique Armour Shoppe.
 28361 | D:12     | Killed Urug
 28904 | D:12     | Noticed Rupert
 28911 | D:12     | Killed Rupert
 29160 | D:6      | Bought 7 bolts for 19 gold pieces
 29731 | D:13     | Reached **** piety under Ashenzari
 29739 | D:13     | Found a frozen archway.
 30039 | IceCv    | Entered an ice cave
 30483 | D:13     | Reached XP level 16. HP: 130/130 MP: 0/0
 30523 | D:14     | Noticed Nessos
 30523 | D:14     | Found a gate to the Vaults.
 30527 | D:14     | Killed Nessos
 31588 | D:15     | Entered Level 15 of the Dungeon
 31626 | D:15     | Found a shadowy altar of Dithmenos.
 31753 | D:15     | Found a staircase to the Depths.
 31753 | D:15     | Noticed a frost giant
 31760 | D:15     | Killed a frost giant
 32351 | D:15     | Found Puzok's Assorted Antiques.
 33465 | Snake:1  | Entered Level 1 of the Snake Pit
 33703 | Snake:1  | Acquired 450 gold pieces
 34373 | Snake:2  | Reached XP level 17. HP: 139/139 MP: 0/0
 34373 | Snake:2  | Learned a level 6 spell: Conjure Ball Lightning
 34637 | D:15     | Bought 2 scrolls of brand weapon for 1280 gold pieces
 34639 | D:15     | Reached ***** piety under Ashenzari
 35823 | Snake:3  | Reached skill level 15 in Stealth
 36507 | Snake:3  | Found a burning altar of Makhleb.
 36719 | Snake:4  | Entered Level 4 of the Snake Pit
 36844 | Snake:4  | Found Jaurow's Armour Emporium.
 36844 | Snake:4  | Found Ytownats's Jewellery Shoppe.
 36999 | Snake:4  | Reached skill level 15 in Dodging
 37221 | Snake:4  | Found Uxilef's Weapon Shoppe.
 37341 | Snake:4  | Noticed Aizul
 37368 | Snake:4  | Killed Aizul
 37800 | Snake:4  | Reached skill level 15 in Fighting
 37823 | Snake:4  | Noticed a quicksilver dragon
 37823 | Snake:4  | Noticed a quicksilver dragon
 37839 | Snake:4  | Got a serpentine rune of Zot
 38111 | Shoals:1 | Entered Level 1 of the Shoals
 38123 | Shoals:1 | Noticed Frances
 38169 | Shoals:1 | Killed Frances
 38355 | Shoals:1 | Reached XP level 18. HP: 149/149 MP: 0/0
 38718 | Shoals:2 | Noticed Polyphemus
 38755 | Shoals:2 | Killed Polyphemus
 39057 | Shoals:2 | Noticed Ilsuiw
 39082 | Shoals:2 | Killed Ilsuiw
 39277 | Shoals:2 | Identified the ring "Wepsurch" {MP+9 Int+6 Dex+5}
 39298 | Shoals:2 | Noticed BigDaddyOpFi's ghost (journeyman MiBe)
 39849 | Shoals:4 | Entered Level 4 of the Shoals
 41021 | Shoals:4 | Identified the +2 quarterstaff "Nouruw" {flame, Int+6 Dex-3
                  | SInv}
 41188 | Shoals:4 | Got a barnacled rune of Zot
 41441 | Elf:1    | Entered Level 1 of the Elven Halls
 41612 | Elf:1    | Found Diwky's Antique Armour Shop.
 41907 | Elf:1    | Identified Borgnjor's Collected Works on Stolen Souls
 41944 | Elf:1    | Found Tippaz's Weapon Shoppe.
 41985 | Elf:1    | Reached XP level 19. HP: 121/157 MP: 0/0
 41985 | Elf:1    | Learned a level 6 spell: Death Channel
 42230 | Elf:1    | Found Koduc's Assorted Antiques.
 42243 | Elf:1    | Bought a steaming kite shield for 342 gold pieces
 42243 | Elf:1    | Identified the +5 kite shield "Kigrife" {rC+} (You bought
                  | it in a shop on level 1 of the Elven Halls)
 42243 | Elf:1    | Bought a scroll of teleportation for 108 gold pieces
 42718 | Elf:2    | Identified the +3 broad axe "Appoxul" {vorpal, Dex+5}
 42733 | Elf:2    | Reached skill level 5 in Shields
 42836 | Elf:3    | Entered Level 3 of the Elven Halls
 42943 | Elf:3    | Found Wigis's Weapon Emporium.
 43020 | Elf:3    | Cast into level 2 of the Abyss (a deep elf demonologist)
 43144 | Abyss:2  | Found a runed translucent door.
 43261 | Abyss:3  | Gained mutation: Your body sometimes deteriorates upon
                  | taking damage. [a neqoxec]
 43263 | Abyss:3  | Lost mutation: Your body sometimes deteriorates upon taking
                  | damage. [potion of mutation]
 43263 | Abyss:3  | Gained mutation: You have a beak for a mouth. [potion of
                  | mutation]
 43263 | Abyss:3  | Gained mutation: You are somewhat resistant to further
                  | mutation. [potion of mutation]
 43308 | Abyss:3  | Noticed a hellephant
 43340 | Abyss:3  | Found a corrupted altar of Lugonu.
 43368 | Elf:3    | Escaped the Abyss
 43378 | Elf:3    | Noticed a Tzitzimitl
 43610 | Elf:3    | Found a portal to a secret trove of treasure.
 44504 | Elf:3    | Identified the +9 spear of the Scavenger {flame, rElec rC+}
 44808 | Elf:3    | Identified the +3 broad axe "Iceiq" {vorpal, rElec rCorr
                  | Str+5 Int+3}
 44896 | Elf:3    | Identified the +0 ring mail "Niamul" {Will- SInv Stlth+}
 45375 | Elf:3    | Noticed a deep elf blademaster
 45718 | Elf:3    | Identified the +7 broad axe "Tiobb" {venom, rN+ Str+2}
 45890 | Elf:3    | Killed a deep elf blademaster
 46010 | Elf:3    | Identified the +5 mace of Pestilence {venom, Str+6}
 46378 | Elf:3    | Identified the Grimoire of the Displaced Mountains
 46382 | Elf:3    | Identified the +4 pair of boots of Vesm {Str+4}
 46432 | Elf:3    | Identified the Guide on Attacks
 46800 | D:12     | Bought a distressingly furry chain mail for 275 gold pieces
 46800 | D:12     | Identified the +1 chain mail of Insurance {Str+5 Dex-4}
                  | (You bought it in a shop on level 12 of the Dungeon)
 46801 | D:12     | Bought a steaming chain mail for 275 gold pieces
 46801 | D:12     | Identified the +0 chain mail "Ukiy" {+Inv rC+ SInv Stlth+}
                  | (You bought it in a shop on level 12 of the Dungeon)
 46924 | Depths:1 | Entered Level 1 of the Depths
 47425 | Depths:1 | Reached XP level 20. HP: 130/158 MP: 0/0
 48005 | Depths:1 | Reached skill level 15 in Armour
 48356 | Depths:1 | Found a gateway to Hell.
 48703 | Vaults:1 | Entered Level 1 of the Vaults
 48834 | Vaults:1 | Noticed Asterion
 48844 | Vaults:1 | Killed Asterion
 49657 | Vaults:1 | Noticed Saint Roka
 49666 | Vaults:1 | Killed Saint Roka
 50503 | Vaults:1 | Found Wuphaf's Magic Scroll Emporium.
 50511 | Vaults:1 | Bought a scroll of blinking for 105 gold pieces
 50511 | Vaults:1 | Bought a scroll of blinking for 105 gold pieces
 50511 | Vaults:1 | Bought a scroll of fear for 49 gold pieces
 50855 | Vaults:2 | Found Hyj Woiw's Armour Shop.
 51215 | Vaults:2 | Found Quphir's Assorted Antiques.
 51608 | Vaults:2 | Reached XP level 21. HP: 127/166 MP: 0/0
 51608 | Vaults:2 | Learned a level 7 spell: Malign Gateway
 53168 | Vaults:3 | Found a gateway to a bazaar.
 53206 | Bazaar   | Entered a bazaar
 53206 | Bazaar   | Found Teamuiq's Book Shoppe.
 53206 | Bazaar   | Found Xurghe's Book Emporium.
 53208 | Bazaar   | Found Riwnan's Antique Armour Shoppe.
 53224 | Bazaar   | Found Doxaor's Antique Weapon Emporium.
 53232 | Bazaar   | Bought a crude arbalest for 218 gold pieces
 53232 | Bazaar   | Identified the +4 arbalest of Eceypiju {flame, rF++ Str-3
                  | Int+4} (You bought it in a shop in a bazaar)
 53455 | Vaults:3 | Found Gatosat's Assorted Antiques.
 53692 | Vaults:3 | Bought a polished hand crossbow for 144 gold pieces
 53692 | Vaults:3 | Identified the +8 hand crossbow "Neolusku" {elec, rC+ rCorr
                  | Str+3 Int+3} (You bought it in a shop on level 3 of the
                  | Vaults)
 53692 | Vaults:3 | Bought a potion of curing for 51 gold pieces
 53692 | Vaults:3 | Bought a potion of curing for 51 gold pieces
 53692 | Vaults:3 | Bought a scroll of teleportation for 51 gold pieces
 53889 | Vaults:3 | Found Ipohiats's Distillery.
 53904 | Vaults:3 | Reached skill level 10 in Spellcasting
 53912 | Vaults:3 | Bought a potion of curing for 57 gold pieces
 53912 | Vaults:3 | Bought a potion of resistance for 190 gold pieces
 53912 | Vaults:3 | Bought a potion of curing for 57 gold pieces
 53989 | Vaults:3 | Found Qewaavon's Weapon Shoppe.
 54104 | Vaults:3 | Bought 24 bolts for 62 gold pieces
 56554 | Vaults:4 | Reached XP level 22. HP: 107/173 MP: 0/0
 58052 | Vaults:5 | Entered Level 5 of the Vaults
 58052 | Vaults:5 | Identified the +6 chain mail of Burillav {*Slow rCorr Str+2
                  | Int+7}
 58699 | Depths:1 | Found a one-way gate to the infinite horrors of the Abyss.
 59338 | Depths:1 | Cast into level 3 of the Abyss (hell knight)
 59714 | Abyss:3  | Noticed a dread lich
 59884 | Abyss:5  | Entered Level 5 of the Abyss
 59898 | Abyss:5  | Found a corrupted altar of Lugonu.
 59946 | Depths:1 | Escaped the Abyss
 60056 | Depths:1 | Identified the +7 plate armour "Fiusiff" {rC+ Dex+2}
 60067 | Depths:1 | Reached XP level 23. HP: 185/185 MP: 0/0
 60067 | Depths:1 | Learned a level 7 spell: Monstrous Menagerie
 62867 | Depths:2 | Found Ceng's Distillery.
 63115 | Depths:2 | Bought a potion of haste for 120 gold pieces
 63115 | Depths:2 | Bought a potion of curing for 36 gold pieces
 63810 | Depths:3 | Reached XP level 24. HP: 173/194 MP: 0/0
 63948 | Depths:3 | Found a one-way gate leading to the halls of Pandemonium.
 64002 | Depths:3 | Noticed a golden dragon
 64019 | Depths:3 | Killed a golden dragon
 64156 | D:15     | Bought a scroll of enchant armour for 240 gold pieces
 64403 | Depths:3 | Reached skill level 10 in Shields
 64648 | Depths:3 | Noticed a juggernaut
 64741 | Depths:3 | Noticed a caustic shrike
 64747 | Depths:3 | Killed a caustic shrike
 64835 | Depths:3 | Noticed a caustic shrike
 64835 | Depths:3 | Noticed a juggernaut
 64836 | Depths:3 | Noticed an ancient lich
 65047 | Depths:3 | Found a runed translucent door.
 65048 | Depths:3 | Noticed Bykef's ghost (adept DgCj)
 65322 | Depths:3 | Killed an ancient lich
 65410 | Depths:3 | Killed a caustic shrike
 65475 | Depths:3 | Killed a juggernaut
 65591 | Depths:3 | Killed a juggernaut
 65949 | Depths:3 | Found a hazy altar of Hepliaklqana.
 66132 | Depths:4 | Found Fogem's Antique Armour Shop.
 66650 | Depths:4 | Found an ornate altar of the Wu Jian Council.
 66654 | Depths:4 | Identified the +9 battleaxe "Ximnex" {spect, Dex+4}
 66823 | Depths:4 | Identified the Papyrus of the Hidden Souls
 67100 | Depths:4 | Reached XP level 25. HP: 113/202 MP: 0/0
 67100 | Depths:4 | Learned a level 8 spell: Necromutation
 68090 | Depths:4 | Found Ledghiag's Antique Weapon Boutique.
 68407 | Depths:4 | Voluntarily entered the Abyss.
 68407 | Abyss:1  | Found a corrupted altar of Lugonu.
 68449 | Abyss:1  | Found a corrupted altar of Lugonu.
 68559 | Abyss:2  | Found a corrupted altar of Lugonu.
 69240 | Abyss:3  | Identified the +0 leather armour "Kuorha" {rPois Str+5}
 69403 | Abyss:4  | Paralysed by accursed screaming for 1 turns
 69411 | Abyss:4  | Got an abyssal rune of Zot
 69419 | Abyss:5  | Entered Level 5 of the Abyss
 69451 | Depths:4 | Escaped the Abyss
 69746 | Depths:5 | Entered Level 5 of the Depths
 69901 | Depths:5 | Found a broken altar of Ashenzari.
 69910 | Depths:5 | Noticed a caustic shrike
 69910 | Depths:5 | Noticed a caustic shrike
 69910 | Depths:5 | Noticed a caustic shrike
 69949 | Depths:4 | Killed a caustic shrike
 70056 | Depths:5 | Found Ximyll's Weapon Boutique.
 70438 | Depths:5 | Found a gate to the Realm of Zot.
 70470 | Depths:5 | Killed a caustic shrike
 70471 | Depths:5 | Reached XP level 26. HP: 210/210 MP: 0/0
 70756 | Depths:5 | Found a gateway to a ziggurat.
 71984 | Zot:1    | Entered Level 1 of the Realm of Zot
 73453 | Zot:4    | Noticed a curse toe
 73625 | Zot:4    | Noticed an orb of fire
 73730 | Zot:4    | Killed a curse toe
 73984 | Zot:4    | Killed from afar by a black draconian

Illustrated notes

Levels and vault maps discovered:
D:1:      matt_arrival_spirals, layout_basic,
          hellmonk_ecumenical_altar_inner_sanctum, minmay_misc_feat_iff,
          wander_ebering_terrifying_dragon_lair
D:2:      layout_rooms, amcnicky_mini_pool_small, chequers_serial_rivers_small_3
D:3:      layout_rooms, serial_shops, nicolae_shop_waterfront,
          palyth_stone_intersect
D:4:      layout_cave_pools, chequers_temple_overflow_minitemple,
          biasface_ghost_orc_armoury, kennysheep_doodads
D:5:      layout_cave_pools, bloody_makhleb, overflow_temple_1_default,
          minmay_misc_feat_ornament, minmay_manual_mares, uniq_edmund
D:6:      layout_rooms, minmay_temple_entry_antechambers, serial_shops,
          shop_statue, shop, shop_statue, nicolae_shop_overgrown_old_shop,
          minmay_misc_feat_diagonals, minmay_starry_boxes, uniq_menkaure
D:7:      layout_gridville, kennysheep_cross_bottleneck
D:8:      layout_loops_corners, uniq_prince_ribbit1
D:9:      layout_basic, mainiacjoe_overflow_catch_the_wave, david_orc_2,
          hangedman_abyss_or_decor_passed, nicolae_shop_overcharged_wands
D:10:     layout_basic, mainiacjoe_overflow_tiny_flanked, grunt_gozag_statues,
          minmay_lair_entry_grove
D:11:     layout_irregular_city
D:12:     layout_rooms, enter_bailey_5, serial_shops, shop, uniq_urug,
          uniq_rupert
D:13:     layout_long_grid, portal_ice_cave_entry_animals_and_master
D:14:     minmay_blocky_corners, layout_loops_ring, david_vaults_3
D:15:     grunt_enter_depths_snipers, layout_long_grid,
          nicolae_dithmenos_shadow_blocks, serial_shops, shop,
          minmay_joined_circles
Lair:1:   layout_cave_pods, ebering_ghost_funeral_grove,
          chequers_serial_rivers_room_a, grunt_megastairs_5
Lair:2:   layout_gridlike, hellmonk_ghost_happy_afterlife, hibernation_bobbens,
          infiniplex_staircase_pool_2, grunt_megastairs_1
Lair:3:   layout_hall_layers, guppyfry_snake_entry_garden, beast_lair_carwin_6
Lair:4:   layout_cellular_growth, elwin_shoals_entry_rocks, uniq_sonja
Lair:5:   layout_concentric_octagons, gammafunk_ghost_ooze, serial_bayou_ford_a,
          grunt_megastairs_4
Lair:6:   minmay_lair_end_enchanted_forest, layout_misc_corridors,
          nicolae_slime_entry_slimehenge, grunt_forest_small_clearing_treed
Shoals:1: layout_shoals, nicolae_shoals_so_close, uniq_louise, uniq_frances
Shoals:2: layout_shoals, gammafunk_ghost_tricky_traps, uniq_polyphemus,
          uniq_ilsuiw
Shoals:3: layout_shoals, nicolae_island_escapes, uniq_jorgrun
Shoals:4: shoals_end_grunt_ice, layout_shoals
Snake:1:  layout_misc_corridors
Snake:2:  layout_cave_town, serial_bayou_shore_b
Snake:3:  layout_misc_corridors, basic_altar
Snake:4:  hellmonk_snake_rune_quicksilver_temple, layout_onion, special_room,
          serial_shops, shop, minmay_shoptagon, uniq_aizul
Orc:1:    layout_diamond_mine, basic_altar
Orc:2:    grunt_orc_community_town_hall, layout_caves,
          grunt_orc_community_big_house_1, grunt_orc_community_big_house_1,
          grunt_orc_community_house_2, grunt_orc_community_house_1,
          grunt_orc_community_house_1, grunt_orc_community_house_3,
          grunt_orc_community_house_1, grunt_orc_community_house_3,
          enter_volcano_3
Elf:1:    layout_gridlike, serial_shops, nicolae_shop_waterfront,
          nicolae_shop_window_shopping, shop, minmay_elf_necromancy,
          corexii_leaking_fountain
Elf:2:    nicolae_elf_blades_crystal_corner, layout_loops_ring, serial_shops,
          nicolae_take_the_stairs, serial_glass, glass_columns_b,
          glass_columns_b, due_unseen_surprise
Elf:3:    minmay_elf_hall_hex, layout_gridlike, enter_trove_1, serial_shops,
          shop
Vaults:1: hangedman_vaults_stagger, v_rooms_5, nicolae_vaults_network_square,
          nicolae_vaults_three_branches, ontoclasm_vaults_ligature,
          vaults_room_corners, nicolae_vaults_alarming,
          nicolae_vaults_angled_halls, nicolae_vaults_little_squares_4,
          nicolae_vaults_rhombus_5, layout_vaults_big_room, serial_shops,
          nicolae_shop_stone, uniq_saint_roka, uniq_asterion
Vaults:2: vaults_room_pool, ontoclasm_vaults_decontamination,
          minmay_crypt_entry_simple_plaza, v_rooms_2, ontoclasm_vaults_pinch,
          vaults_standard_mumra_x, nicolae_vaults_yaktaur_gun_rack,
          layout_vaults_omnigrid, serial_shops, nicolae_diamond_shop, shop,
          shop_statue, nicolae_shop_waterfront, nicolae_shop_trees
Vaults:3: ontoclasm_vaults_ring_large, dpeg_vaults_monster_row,
          hangedman_vaults_corner_blocks, vaults_room_mumra_shop_pool,
          nicolae_vaults_asterisk, nicolae_vaults_little_squares_4,
          ontoclasm_vaults_spin, vaults_room_hallway, st_spiral_rooms,
          ontoclasm_vaults_hangar, vaults_dpeg_diagonal,
          layout_vaults_omnicross, serial_shops, statue_bzr, shop, shop
Vaults:4: nicolae_vaults_circle_grid_a, vaults_dpeg_hooks,
          hangedman_vaults_impose, v_misc_12, nicolae_vaults_theta, v_misc_27,
          nicolae_vaults_back_hallway, nicolae_vaults_little_squares_5,
          nicolae_vaults_little_squares_1, st_cells, v_pattern_5, v_rooms_5,
          ontoclasm_vaults_shuriken, layout_vaults_maze_snakey
Vaults:5
Depths:1: kennysheep_windowed_halls, layout_gridville,
          grunt_hell_entry_demonic_statue, abyss_entry,
          chequers_serial_rivers_small_b, minmay_fractal_squares_diagonal_5
Depths:2: hangedman_screamer, layout_cave_shapes,
          infiniplex_staircase_spiral_double, pf_coc_iceberg,
          serial_bayou_shore_b, serial_bayou_shore_a, firewood_loft,
          minmay_shop_star
Depths:3: lemuel_traditional_vault, layout_basic, minmay_holes, serial_rivers,
          chequers_serial_rivers_micro_a, chequers_serial_rivers_small_a,
          chequers_serial_rivers_room_a, chequers_serial_rivers_small_a,
          rand_demon_pan_entry_5, ebering_ghost_inner_flame, hell_entry,
          nicolae_hepliaklqana_hippocampus
Depths:4: kennysheep_big_flooded_room, layout_gridlike, serial_shops,
          kennysheep_mini, hellmouth_3, hex_medium, abyss_entry_crystal,
          nicolae_stop_n_shop_1, nicolae_wu_jian_glorious_leap
Depths:5: evilmike_zot_entry_diamond, layout_honeycomb, enter_ziggurat_a,
          grunt_pan_entry_zigzag, serial_shops,
          nicolae_shop_temple_entry_statues_fountains, abyss_entry,
          pf_hell_entry_tar_spiral, evilmike_ruin_ashenzari
Zot:1:    layout_concentric_octagons, grunt_ministairs_2
Zot:2:    layout_cathedral_of_symmetry, st_stairs_3, st_small_dragon_hoard_1,
          hangedman_zot_spectrum
Zot:3:    layout_gridlike
Zot:4:    lemuel_firehouse, layout_cathedral_of_symmetry

Skill      XL: |  1  2  3  4  5  6  7  8  9 10 11 12 13 14 15 16 17 18 19 20 21 22 23 24 25 26 |
---------------+-------------------------------------------------------------------------------+-----
Fighting       | 1 2 3 4 5 6 8 9 10 12 13 14 15 16 17 18 19 20 | 20.9
Dodging        | 3 4 5 7 8 10 11 13 14 15 16 17 18 19 20 | 20.5
Spellcasting   | 4 5 6 7 8 9 10 11 12 14 | 14.9
Armour         | 1 3 6 7 9 11 12 13 14 15 16 17 | 17.9
Crossbows      | 4 6 8 10 11 12 13 14 | 14.8
Stealth        | 5 8 10 12 13 14 15 | 15.7
Shields        | 2 4 8 9 11 13 | 13.1

Action                   |  1- 3 |  4- 6 |  7- 9 | 10-12 | 13-15 | 16-18 | 19-21 | 22-24 | 25-27 || total
-------------------------+-------+-------+-------+-------+-------+-------+-------+-------+-------++-------
Melee: Spear             |       |     6 |    11 |       |       |       |       |       |       ||    17
       Hand crossbow     |       |       |       |     3 |       |       |       |       |       ||     3
 Fire: Hand crossbow     |       |       |    52 |   422 |   678 |   778 |   912 |  1222 |   917 ||  4981
 Cast: Magic Dart        |    32 |    79 |    40 |       |       |       |       |       |       ||   151
       Searing Ray       |     4 |    16 |    37 |    21 |       |       |       |       |       ||    78
       Beastly Appendage |     1 |       |       |       |       |       |       |       |       ||     1
       Fulminant Prism   |       |     3 |     4 |       |       |       |     1 |       |       ||     8
       Dazzling Flash    |       |       |     4 |     2 |     3 |       |       |       |       ||     9
       Passwall          |       |       |     2 |     1 |     1 |     1 |     4 |     9 |     4 ||    22
       Conjure Flame     |       |       |     1 |     9 |     2 |     1 |       |       |       ||    13
       Iskenderun's Myst |       |       |     1 |    69 |   278 |   149 |   178 |   115 |    97 ||   887
       Leda's Liquefacti |       |       |       |     6 |     2 |       |       |     1 |       ||     9
       Passage of Golubr |       |       |       |     1 |       |     1 |       |       |       ||     2
       Eringya's Noxious |       |       |       |       |    11 |    16 |    28 |     9 |     4 ||    68
       Yara's Violent Un |       |       |       |       |     5 |       |     6 |     8 |       ||    19
       Conjure Ball Ligh |       |       |       |       |       |    11 |     6 |       |       ||    17
       Death Channel     |       |       |       |       |       |       |     9 |     4 |     2 ||    15
       Malign Gateway    |       |       |       |       |       |       |       |     1 |     1 ||     2
       Monstrous Menager |       |       |       |       |       |       |       |     9 |     6 ||    15
       Necromutation     |       |       |       |       |       |       |       |       |     3 ||     3
Invok: Curse Item        |       |       |     1 |     1 |     5 |     2 |     1 |     2 |       ||    12
       Shatter the Chain |       |       |       |       |     1 |       |     2 |       |       ||     3
Evoke: Wand              |       |       |     3 |     5 |     8 |     1 |     5 |     4 |     2 ||    28
       Box of beasts     |       |       |       |       |     1 |     1 |       |       |       ||     2
  Use: Scroll            |       |       |     8 |     5 |    12 |     6 |    17 |     4 |    12 ||    64
       Potion            |       |       |     3 |     2 |     3 |     3 |     6 |     4 |     4 ||    25
Armor: Robe              |       |     1 |    10 |       |       |       |       |       |       ||    11
       Ring mail         |       |       |    20 |    68 |    99 |    66 |    13 |       |       ||   266
       Ice dragon scales |       |       |       |       |       |       |    46 |   120 |   154 ||   320
Dodge: Dodged            |     4 |    13 |    93 |   152 |   215 |   181 |   110 |   219 |   262 ||  1249
Block: Buckler           |       |       |       |       |    90 |   164 |       |       |       ||   254
       Reflection        |       |       |       |       |    18 |    46 |    79 |    22 |     9 ||   174
       Kite shield       |       |       |       |       |       |       |   314 |   507 |   580 ||  1401
